 Dungeon Crawl Stone Soup version 0.30.1-4-g462c640d31 (webtiles) character file.

Game seed: 3665174506845347314

163 tyreese12 the Poker (level 5, 0/47 HPs)
             Began as a Minotaur Berserker on Sept 14, 2023.
             Was a Priest of Trog.
             Slain by an orc wizard
             ... wielding a +0 dagger
              (3 damage)
             ... on level 3 of the Dungeon.
             The game lasted 00:10:27 (2061 turns).

tyreese12 the Poker (Minotaur Berserker)            Turns: 2061, Time: 00:10:28

Health: 0/47       AC:  4    Str: 23    XL:     5   Next: 20%
Magic:  4/4        EV: 12    Int:  8    God:    Trog [***...]
Gold:   117        SH:  4    Dex:  8    Spells: 4/4 levels left

rFire   . . .        a - +0 spear
rCold   + . .        (no shield)
rNeg    . . .        e - +2 robe {rC+}
rPois   .            (helmet restricted)
rElec   .            (no cloak)
rCorr   .            (no gloves)
SInv    .            (no boots)
Will    .....        (no amulet)
Stlth   +            (no ring)
HPRegen 0.27/turn    (no ring)
MPRegen 0.09/turn

%: no passive effects
@: mighty
A: horns 2, retaliatory headbutt, large bone plates 1, clever 1
a: Renounce Religion, Berserk, Trog's Hand


You were on level 3 of the Dungeon.
You worshipped Trog.
Trog was most pleased with you.
You visited 1 branch of the dungeon, and saw 3 of its levels.

You collected 117 gold pieces.

Inventory:

Hand Weapons
 a - a +0 spear (weapon)
Armour
 b - a +0 animal skin
 e - a +2 robe of cold resistance (worn)


   Skills:
 + Level 4.8 Fighting
 + Level 5.4 Polearms
 + Level 2.5 Armour
 + Level 3.3 Dodging
 + Level 0.5 Stealth
 + Level 0.6 Shields


You had 4 spell levels left.
You didn't know any spells.
Your spell library was empty.

Dungeon Overview and Level Annotations

Branches:
Dungeon (3/15)

Altars:


Innate Abilities, Weirdness & Mutations

You have a pair of horns on your head.
You reflexively headbutt those who attack you in melee.
You are partially covered in large bone plates. (SH +4)
Your mind is acute. (Int +4, Str/Dex -1)


Message History

You feel sick. The adder bites you but does no damage.
You miss the adder. Your headbutt misses the adder.
You feel sick. The adder closely misses you.
You completely miss the adder.
You feel sick. The adder barely misses you.
You barely miss the adder. Your headbutt misses the adder.
The adder closely misses you. The orc closely misses you.
The adder attacks as you move away! The adder bites you but does no damage.
You feel sick. The adder bites you but does no damage.
You bump into the rock wall.
You feel less confused.
You feel sick. The adder completely misses you. The orc closely misses you.
You furiously retaliate!
You headbutt the orc. You barely miss the orc.
The orc is moderately wounded.
You feel sick.
You are no longer poisoned.
The adder bites you.
* * * LOW HITPOINT WARNING * * *
You block the orc's attack.
You puncture the orc!
You kill the orc!
Trog accepts your kill. The adder closely misses you. You furiously retaliate!
You headbutt the adder! The adder barely misses you. You furiously retaliate!
You headbutt the adder!
You kill the adder!
Trog accepts your kill.
You see here a +0 short sword.
You hear the rusting of a very distant drain.
You closely miss something.
You aren't carrying any potions.
You closely miss something.
An orc wizard appears from thin air!
Reactivating autopickup.
The orc wizard misses you.
You completely miss the orc wizard. You headbutt the orc wizard!
The orc wizard is almost dead.
The orc wizard gestures wildly while chanting.
The orc wizard flickers and vanishes!
Deactivating autopickup; reactivate with Ctrl-A.
You barely miss something. Your headbutt misses something. Something hits you.
You die...

#.#...............##. ##
#..................#.
##..#####.........#≈##......
......).........~# ≈≈###...#
#............# ≈#≈≈≈≈...)
#####.).....~#≈≈≈≈#≈##.#.
##.#....≈≈#≈≈≈≈≈≈#...
##†#...)#≈≈≈≈≈≈≈≈~.##
###.o{@##.##≈≈#≈#≈##...
#....####..#≈≈≈≈≈ #....
#....# #..#~#≈≈~##....
#....# #.)..####......
#....# #..)...........
......# #######........
.##..... #####.... . ###...
#.... #### #....


You could see an orc.

Vanquished Creatures
  Jessica (D:2)
  An orc wizard (D:3)
  5 adders
  4 dart slugs
  3 orcs (D:3)
  4 ball pythons
  3 bats
  4 endoplasms
  2 giant cockroaches (D:1)
  7 hobgoblins
  6 jackals
  2 quokkas
  A frilled lizard (D:2)
  3 goblins
  4 kobolds
  7 rats
57 creatures vanquished.

Notes
Turn   | Place    | Note
-------+----------+-------------------------------------------
     0 | D:1      | tyreese12 the Minotaur Berserker began the quest for the
                  | Orb.
     0 | D:1      | Reached XP level 1. HP: 19/19 MP: 0/0
    49 | D:1      | Gained mutation: You are frail. (-10% HP) [potion of
                  | mutation]
    49 | D:1      | Gained mutation: You have large cloven feet. [potion of
                  | mutation]
   175 | D:1      | Reached skill level 4 in Polearms
   201 | D:1      | Reached XP level 2. HP: 24/24 MP: 1/1
   826 | D:1      | Reached ** piety under Trog
   827 | D:1      | Reached XP level 3. HP: 26/29 MP: 2/2
   977 | D:2      | Lost mutation: You have large cloven feet. [potion of
                  | mutation]
   977 | D:2      | Lost mutation: You are frail. (-10% HP) [potion of
                  | mutation]
   977 | D:2      | Gained mutation: You are partially covered in large bone
                  | plates. (SH +4) [potion of mutation]
   977 | D:2      | Gained mutation: Your mind is acute. (Int +4, Str/Dex -1)
                  | [potion of mutation]
  1371 | D:2      | Noticed Jessica
  1378 | D:2      | Killed Jessica
  1379 | D:2      | Reached XP level 4. HP: 32/41 MP: 3/3
  1458 | D:2      | Reached skill level 5 in Polearms
  2042 | D:3      | Reached XP level 5. HP: 10/47 MP: 4/4
  2052 | D:3      | HP: 2/47 [poisoned by an orc]
  2054 | D:3      | Reached *** piety under Trog
  2061 | D:3      | Slain by an orc wizard

Illustrated notes

Levels and vault maps discovered:
D:1:      minmay_arrival_cross, layout_loops_cross
D:2:      layout_basic, serial_bayou_pond_b, grunt_ministairs_10,
          hangedman_decor_opposing, minivault_24, uniq_jessica
D:3:      layout_rooms, old_standard_altar, gup_sewer_entry_glass, minivault_4

Skill      XL: |  1  2  3  4 |
---------------+-------------+-----
Polearms       | 4 5 |  5.4
Fighting       | 4 |  4.8
Dodging        | 3 |  3.3
Armour         | |  2.5
Stealth        | |  0.5
Shields        | |  0.6

Action                     |  1- 3 |  4- 6 || total
---------------------------+-------+-------++-------
  Melee: Spear             |    55 |    71 ||   126
         Headbutt          |     8 |     6 ||    14
         Kick              |     5 |       ||     5
    Use: Potion            |     7 |     3 ||    10
         Scroll            |     3 |     1 ||     4
   Stab: Sleeping          |     1 |       ||     1
 Armour: Animal skin       |     7 |     1 ||     8
         Robe              |       |    23 ||    23
  Dodge: Dodged            |    33 |    48 ||    81
  Block: Other             |     3 |    12 ||    15
